 Dungeon Sprint DCSS version 0.19.0-2-gae57169 (webtiles) character file.

1783 LORDOFBUTT the Cleaver (level 8, -1/133 HPs)
             Began as a Minotaur Berserker on Nov 2, 2016.
             Was a High Priest of Trog.
             Slain by a yaktaur (13 damage)
             ... in the Dungeon (Sprint II: "The Violet Keep of Menkaure").
             The game lasted 00:01:27 (565 turns).

LORDOFBUTT the Cleaver (Minotaur Berserker)          Turns: 565, Time: 00:01:28

Health: -1/133     AC:  2    Str: 29    XL:     8   Next: 81%
Magic:  7/7        EV: 15    Int:  4    God:    Trog [*****.]
Gold:   729        SH:  0    Dex: 10    Spells: 0 memorised, 7 levels left

rFire  . . .     SeeInvis .     a - +0 hand axe
rCold  . . .     Gourm    .     b - +0 animal skin
rNeg   . . .     Faith    .     (no shield)
rPois  .         Spirit   .     (helmet restricted)
rElec  .         Reflect  .     (no cloak)
rCorr  .         Harm     .     (no gloves)
MR     .....     NoTele   +     (no boots)
Stlth  ..........               (no amulet)
                                (no ring)
                                (no ring)

@: berserking, very quick
A: retaliatory headbutt, horns 2, blurry vision 1
a: Berserk, Trog's Hand, Brothers in Arms, Burn Spellbooks, Renounce Religion


You were in the Dungeon.
You worshipped Trog.
Trog was extremely pleased with you.
You were not hungry.

You visited 1 branch You collected 729 gold pieces.

Inventory:

Hand Weapons
 a - a +0 hand axe (weapon)
Armour
 b - a +0 animal skin (worn)
Scrolls
 i - a scroll of blinking
Potions
 d - a potion of curing
 e - a potion of heal wounds
 f - a potion of haste
 g - 2 potions of magic
 h - a potion of berserk rage


   Skills:
 + Level 14.1 Fighting
 + Level 14.7 Axes
 + Level 7.8 Armour
 + Level 8.3 Dodging


You had 7 spell levels left.
You didn't know any spells.

Dungeon Overview and Level Annotations

Branches:
Dungeon (1/1)

Altars:
Cheibriados
Dithmenos
Elyvilon
Fedhas
Hepliaklqana
Kikubaaqudgha
Makhleb
Qazlal
Ru
Sif Muna
Trog
Uskayaw
Vehumet
Xom
Yredelemnul
Zin
The Shining One
Beogh
Jiyva
Lugonu


Innate Abilities, Weirdness & Mutations

You reflexively headbutt those who attack you in melee.
You have a pair of horns on your head.
Scrolls take you a little longer to read.


Message History

[Y]es or [N]o only, please.
Really walk into a travel-excluded area?
Okay, then.
You are too berserk!
Really walk into a travel-excluded area? [Y]es or [N]o only, please.
Really walk into a travel-excluded area? [Y]es or [N]o only, please.
Really walk into a travel-excluded area?
The yaktaur unwields an uncursed arbalest.
The yaktaur closely misses you. You furiously retaliate!
You headbutt the yaktaur!
A hornet comes into view.
You see here a polar bear corpse.
You hit the yaktaur. Your headbutt misses the yaktaur.
The yaktaur is moderately wounded.
You hit the yaktaur.
The yaktaur is heavily wounded.
The yaktaur hits you!
You die...

+## #.##.## +.### ##..# ...
...# ## #†.####..## #..# #.#
#'###.##..# +..# #
...##.##.#.#..# #..# .#
#'.<.'##.'..####..##.# ?
...##.###..#....###..y##▓▓▓▓
#.###'###.##...§@c≈≈≈≈≈≈≈≈≈≈
####.#.####≈§.....≈#+#######
#..#..#≈≈≈≈§≈≈..≈#.._._...
##.#.##≈≈≈≈≈≈§§§≈#._._._..
#≈≈##'##≈≈≈§≈§§≈≈§≈#_._._._.
#≈≈≈≈≈≈≈≈§≈§≈§≈≈≈≈#._._._._
#+++#+++#§§≈§§≈≈≈§#.._._._.
§§SS ##§≈≈###§§#..._._._
§≈§≈§≈ ##§≈# #≈≈#...._


You could see a yaktaur and a hornet.

Vanquished Creatures
  2 polar bears (D)
  2 tyrant leeches (D)
  4 neqoxecs (D)
  4 necrophages (D)
  A crocodile (D)
  2 worms (D)
15 creatures vanquished.

Vanquished Creatures (others)
  Menkaure (D)
1 creature vanquished.

Grand Total: 16 creatures vanquished

Notes
Turn   | Place    | Note
-------+----------+-------------------------------------------
     0 | D        | LORDOFBUTT the Minotaur Berserker began the quest for the Orb.
     0 | D        | Reached XP level 1. HP: 19/19 MP: 0/0
   101 | D        | Noticed a necrophage
   101 | D        | Noticed a necrophage
   101 | D        | Noticed a necrophage
   101 | D        | Noticed a necrophage
   105 | D        | Killed Menkaure
   106 | D        | Killed a necrophage
   106 | D        | Reached XP level 2. HP: 34/34 MP: 1/1
   106 | D        | Reached XP level 3. HP: 39/39 MP: 2/2
   106 | D        | Reached XP level 4. HP: 47/47 MP: 3/3
   109 | D        | Killed a necrophage
   109 | D        | Reached XP level 5. HP: 56/56 MP: 4/4
   110 | D        | Killed a necrophage
   110 | D        | Reached ** piety under Trog
   110 | D        | Reached skill level 10 in Axes
   110 | D        | Reached skill level 5 in Armour
   110 | D        | Reached skill level 5 in Dodging
   114 | D        | Killed a necrophage
   114 | D        | Reached skill level 10 in Fighting
   114 | D        | Reached XP level 6. HP: 67/67 MP: 5/5
   145 | D        | Noticed a neqoxec
   150 | D        | Killed a neqoxec
   152 | D        | Noticed a neqoxec
   153 | D        | Noticed a neqoxec
   153 | D        | Gained mutation: Scrolls take you a little longer to read. [a neqoxec]
   155 | D        | Killed a neqoxec
   155 | D        | Reached *** piety under Trog
   155 | D        | Reached XP level 7. HP: 75/75 MP: 6/6
   157 | D        | Noticed a neqoxec
   158 | D        | Killed a neqoxec
   158 | D        | Killed a neqoxec
   215 | D        | Noticed a tyrant leech
   215 | D        | Noticed a tyrant leech
   228 | D        | Killed a tyrant leech
   228 | D        | Reached XP level 8. HP: 73/86 MP: 7/7
   239 | D        | Killed a tyrant leech
   239 | D        | Reached **** piety under Trog
   525 | D        | Found a roughly hewn altar of Beogh.
   526 | D        | Found a hazy altar of Hepliaklqana.
   526 | D        | Found a snail-covered altar of Cheibriados.
   527 | D        | Found a stormy altar of Qazlal.
   527 | D        | Found a viscous altar of Jiyva.
   527 | D        | Found a shadowy altar of Dithmenos.
   528 | D        | Found a sacrificial altar of Ru.
   528 | D        | Found an ancient bone altar of Kikubaaqudgha.
   528 | D        | Found a white marble altar of Elyvilon.
   529 | D        | Found a shimmering altar of Xom.
   529 | D        | Found a deep blue altar of Sif Muna.
   529 | D        | Found a corrupted altar of Lugonu.
   529 | D        | Found a blossoming altar of Fedhas.
   530 | D        | Found a basalt altar of Yredelemnul.
   530 | D        | Found a bloodstained altar of Trog.
   530 | D        | Found a burning altar of Makhleb.
   548 | D        | Found a glowing silver altar of Zin.
   548 | D        | Found a hide-covered altar of Uskayaw.
   549 | D        | Found a glowing golden altar of the Shining One.
   549 | D        | Found a radiant altar of Vehumet.
   549 | D        | Noticed a polar bear
   550 | D        | Noticed a polar bear
   552 | D        | Noticed a yaktaur
   557 | D        | Killed a polar bear
   557 | D        | Reached ***** piety under Trog
   562 | D        | Killed a polar bear
   564 | D        | Noticed a hornet
   565 | D        | Slain by a yaktaur

Skill      XL: |  1  2  3  4  5  6  7  8 |
---------------+-------------------------+-----
Fighting       | 7 8 10 11 13 14 | 14.1
Axes           | 7 9 10 12 13 14 | 14.7
Armour         | 4 5 6 7 |  7.8
Dodging        | 3 4 5 6 7 8 |  8.3

Action                   |  1- 3 |  4- 6 |  7- 9 || total
-------------------------+-------+-------+-------++-------
Melee: Hand axe          |     4 |    12 |    52 ||    68
       Headbutt          |     1 |     1 |     9 ||    11
Invok: Berserk           |     1 |     1 |     2 ||     4
  Eat: Bread ration      |       |       |     1 ||     1
Armor: Animal skin       |       |     1 |     1 ||     2
Dodge: Dodged            |     1 |     6 |    18 ||    25
